 Dungeon Crawl Stone Soup version 0.25-a0-576-g50b708a4c4 (webtiles) character file.

Game seed: 7587402344206911893, levelgen mode: deterministic

259 An17 the Sneak (level 5, -11/28 HPs)
             Began as a Vampire Enchanter on Mar 1, 2020.
             Killed themself with a badly aimed iceblast (12 damage)
             ... on level 3 of the Dungeon.
             The game lasted 00:07:09 (2841 turns).

An17 the Sneak (Vampire Enchanter)                  Turns: 2841, Time: 00:07:09

Health: -11/28     AC:  2    Str:  7    XL:     5   Next: 94%
Magic:  0/9        EV: 13    Int: 19    God:
Gold:   177        SH:  0    Dex: 17    Spells: 1/9 levels left

rFire    . . .     SeeInvis +   g - +1 dagger (elec)
rCold    + + .     Gourm    .   (no shield)
rNeg     + + +     Faith    .   b - +0 robe
rPois    ∞         Spirit   .   (no helmet)
rElec    .         Reflect  .   (no cloak)
rCorr    .         Harm     .   (no gloves)
MR       .....                  (no boots)
Stlth    +++++++...             (no amulet)
HPRegen  0.00/turn              j - ring of stealth
MPRegen  0.11/turn              d - +3 ring of dexterity

@: very slightly contaminated, bloodless
A: no food, fangs 3, see invisible, unbreathing
a: Bat Form, Revivify


You were on level 3 of the Dungeon.
You were bloodless.

You visited 1 branch of the dungeon, and saw 4 of its levels.

You collected 177 gold pieces.

Inventory:

Hand Weapons
 a - a +2 dagger
 g - a +1 dagger of electrocution (weapon)
Armour
 b - a +0 robe (worn)
Jewellery
 d - a +3 ring of dexterity (right hand)
 j - a ring of stealth (left hand)
Wands
 n - a wand of iceblast (10)
Scrolls
 f - 2 scrolls of immolation
 h - a scroll of remove curse
 m - 2 scrolls of enchant weapon
Potions
 c - a potion of might {unknown}
 e - 2 potions of heal wounds {unknown}
 i - a potion of degeneration {unknown}
 k - 2 potions of flight {unknown}
 l - 2 potions of resistance {unknown}


   Skills:
 + Level 0.8 Fighting
 + Level 2.6 Short Blades
 + Level 2.7 Dodging
 + Level 7.3 Stealth
 + Level 2.9 Spellcasting
 + Level 5.4 Hexes
 + Level 1.1 Ice Magic


You had one spell level left.
You knew the following spells:

 Your Spells              Type           Power        Failure   Level  Hunger
a - Ensorcelled Hibernat  Hex/Ice        ###...       6%          2    N/A
b - Tukima's Dance        Hex            ###.....     4%          3    N/A
c - Confusing Touch       Hex            ###.....     4%          3    N/A

Your spell library contained the following spells:

 Spells                   Type           Power        Failure   Level  Hunger
 Corona                   Hex            ###....      1%          1    N/A
 Dazzling Flash           Conj/Hex       ##....       16%         3    N/A

Dungeon Overview and Level Annotations

Branches:
Dungeon (4/15)
 Temple: D:4-7

Altars:
Fedhas
Kikubaaqudgha
Trog


Innate Abilities, Weirdness & Mutations

You do not eat.
You do not regenerate when monsters are visible.
You are frail without blood (-20% HP).
You can heal yourself when you bite living creatures.
You are immune to poison.
You have razor-sharp teeth.
You have supernaturally acute eyesight. (SInv)
You can survive without breathing.


Message History

Aiming: Ensorcelled Hibernation (safe; 6% risk of failure)
Press: ? - help, Shift-Dir - straight line, f/p - worker ant
Aim: a worker ant (chance to defeat MR: 54%)
The worker ant resists with significant effort.
The worker ant bites you.
* * * LOW HITPOINT WARNING * * *
The worker ant bites you.
* * * LOW HITPOINT WARNING * * *
You barely miss the worker ant. The worker ant bites you.
* * * LOW HITPOINT WARNING * * *
Okay, then.
Aiming: Iceblast
Press: ? - help, Shift-Dir - straight line, f/p - worker ant
Aim: a worker ant The mass of ice explodes!
The iceblast engulfs the worker ant!
The worker ant is severely wounded.
The iceblast engulfs the adder!
The adder is almost dead.
The iceblast engulfs you! You partially resist.
You die...

#..........#
#..........#
#..........#
##+#####.####
.......#.#
.......#.#
.......#.#
.......#.#########
.............oSa@#
...###############
..## ..# ..# ### #
#


You could see a worker ant, an adder and an orc.

Vanquished Creatures
  A water moccasin skeleton (D:3)
  An orc priest (D:3)
  An orc wizard (D:3)
  Natasha (D:3)
  5 adders
  An ooze (D:3)
  2 worms (D:3)
  A dart slug (D:1)
  4 leopard geckos
  4 orcs (D:3)
  8 bats
  2 giant cockroaches
  3 hobgoblins
  2 jackals (D:4)
  9 kobolds
  2 quokkas
  A ball python (D:2)
  7 frilled lizards
  11 goblins
  8 rats
74 creatures vanquished.

Notes
Turn   | Place    | Note
-------+----------+-------------------------------------------
     0 | D:1      | An17 the Vampire Enchanter began the quest for the Orb.
     0 | D:1      | Reached XP level 1. HP: 13/13 MP: 3/3
   183 | D:1      | Reached XP level 2. HP: 18/19 MP: 5/5
   187 | D:1      | Learned a level 2 spell: Ensorcelled Hibernation
   265 | D:1      | Reached skill level 5 in Stealth
   972 | D:2      | Found a blossoming altar of Fedhas.
  1083 | D:2      | Reached XP level 3. HP: 18/19 MP: 2/6
  1088 | D:2      | Learned a level 3 spell: Tukima's Dance
  1881 | D:3      | Reached XP level 4. HP: 20/24 MP: 1/7
  1886 | D:3      | Learned a level 3 spell: Confusing Touch
  1917 | D:3      | Reached skill level 6 in Stealth
  2266 | D:3      | Reached XP level 5. HP: 28/28 MP: 4/9
  2326 | D:3      | Found a bloodstained altar of Trog.
  2416 | D:3      | Reached skill level 5 in Hexes
  2482 | D:3      | Found an ancient bone altar of Kikubaaqudgha.
  2744 | D:4      | Noticed Natasha
  2751 | D:3      | Killed Natasha
  2751 | D:3      | Reached skill level 1 in Ice Magic
  2830 | D:3      | Reached skill level 7 in Stealth
  2840 | D:3      | HP: 1/28 [worker ant (1)]
  2841 | D:3      | Killed themself with a badly aimed iceblast

Levels and vault maps discovered:
D:1:      co_arrival_square_in_a_square_in_a_square, layout_basic
D:2:      minmay_alternating_diamond, layout_loops_corners, fedhas_altar_1,
          first_ration
D:3:      layout_basic, bloody_trog, lemuel_round_altar
D:4:      layout_rooms, grunt_temple_overflow_champion_of_chaos,
          nicolae_overflow_hidden_temple, minmay_goblin_kobold_house,
          uniq_natasha

Skill      XL: |  1  2  3  4  5 |
---------------+----------------+-----
Stealth        | 5 6 7 |  7.3
Short Blades   | 2 |  2.6
Hexes          | 5 |  5.4
Ice Magic      | 1 |  1.1
Fighting       | |  0.8
Dodging        | |  2.7
Spellcasting   | |  2.9

Action                   |  1- 3 |  4- 6 || total
-------------------------+-------+-------++-------
Melee: Dagger            |    82 |    67 ||   149
       Bite              |     7 |     3 ||    10
 Cast: Corona            |     1 |       ||     1
       Ensorcelled Hiber |    10 |    14 ||    24
 Abil: Exsanguinate      |     1 |       ||     1
  Use: Scroll            |     6 |       ||     6
 Stab: Sleeping          |    20 |    19 ||    39
Armor: Robe              |    11 |     8 ||    19
Dodge: Dodged            |    34 |    33 ||    67

Table legend:
 A = Non-vault XP
 B = Vault XP
 C = Vault XP percentage of total XP
 D = Non-vault monster count
 E = Vault monster count
 F = Vault count percentage of total count
                 A         B        C        D         E       F
            +---------+---------+-------+---------+---------+-------
      Total |     333 |      37 |  10.0 |      71 |       3 |   4.1
            +---------+---------+-------+---------+---------+-------
        D:1 |      34 |       0 |   0.0 |      21 |       0 |   0.0
        D:2 |      35 |       2 |   5.4 |      14 |       2 |  12.5
        D:3 |     257 |      35 |  12.0 |      33 |       1 |   2.9
        D:4 |       7 |       0 |   0.0 |       3 |       0 |   0.0
            +---------+---------+-------+---------+---------+-------
